 Dungeon Crawl Stone Soup version 0.18-a0-1140-g8540535 (webtiles) character file.

16625 ErgoProxy the Bludgeoner (level 12, -8/90 HPs)
             Began as a Minotaur Fighter on Jan 21, 2016.
             Was an Elder of Qazlal.
             Mangled by Kirke (16 damage)
             ... on level 14 of the Dungeon.
             The game lasted 00:37:16 (11416 turns).

ErgoProxy the Bludgeoner (Minotaur Fighter)        Turns: 11416, Time: 00:37:16

Health: -8/90      AC:  0    Str: 24    XL:     12   Next: 11%
Magic:  17/17      EV: 13    Int:  5    God:    Qazlal [****..]
Gold:   425        SH:  5    Dex: 12    Spells: 0 memorised, 11 levels left

rFire  . . .     SeeInvis .     (weapon currently unavailable)
rCold  . . .     Gourm    .     (armour currently unavailable)
rNeg   . . .     Faith    .     (shield currently unavailable)
rPois  .         Spirit   .     (helmet currently unavailable)
rElec  .         Dismiss  .     (cloak currently unavailable)
rCorr  .         Reflect  .     (gloves currently unavailable)
SustAt .         Harm     .     (boots currently unavailable)
MR     .....                    (no amulet)
Stlth  +.........               (ring currently unavailable)
                                (ring currently unavailable)

@: pig-form, repel missiles, very quick, not resistant to hostile enchantments,
very unstealthy
A: (retaliatory headbutt), (horns 0)
a: Upheaval, Elemental Force, Renounce Religion


You were on level 14 of the Dungeon.
You worshipped Qazlal.
Qazlal was greatly pleased with you.
You were very hungry.
You were a filthy swine.
You visited 1 branch of the dungeon, and saw 12 of its levels.
You also visited: Sewer.

You collected 629 gold pieces.
You spent 204 gold pieces at shops.

Inventory:

Hand Weapons
 a - a +1 flail of protection (melded)
Missiles
 b - 61 poisoned needles
 y - 24 tomahawks (quivered)
 H - 10 poisoned tomahawks
 L - 5 javelins of penetration
Armour
 c - a +0 shield (melded)
 j - a +1 chain mail of magic resistance (melded)
 N - a cursed +0 pair of boots (melded)
Jewellery
 g - a ring of poison resistance (melded)
 z - a ring of protection from fire (melded)
Wands
 D - a wand of fireball (8/15)
 F - a wand of fire (7/15)
 I - a wand of flame (7/48)
 J - a wand of confusion (7/48)
 K - a wand of polymorph (19/24)
 P - a wand of frost (6/48)
Scrolls
 i - a scroll of teleportation
 k - 2 scrolls of amnesia
 n - a scroll of fear {unknown}
 o - 3 scrolls of enchant armour
 p - 2 scrolls of fog
 q - 12 scrolls of remove curse
 r - 5 scrolls of blinking
 s - 10 scrolls of recharging
 t - a scroll of enchant weapon
 A - 3 scrolls of magic mapping
 R - a scroll of identify
Potions
 d - 3 potions of might
 e - 2 potions of heal wounds
 h - 4 potions of curing
 l - 2 potions of invisibility
 v - a potion of brilliance
 x - 2 potions of flight
 C - a potion of magic
 G - a potion of cancellation
 M - a potion of haste {unknown}
 O - a potion of agility {unknown}
 Q - 2 potions of cure mutation {unknown}
Comestibles
 f - 10 bread rations
 m - 7 beef jerkies
 u - 2 meat rations
 w - 2 royal jellies
 B - 7 fruits
 E - 7 slices of pizza


   Skills:
 - Level 3.6 Fighting
 * Level 16.0 Maces & Flails
 - Level 3.0 Throwing
 - Level 3.6 Armour
 + Level 13.4 Shields
 - Level 8.0 Invocations


You had 11 spell levels left.
You didn't know any spells.

Dungeon Overview and Level Annotations

Branches:
Dungeon (11/15)            Temple (0/1) D:7            Lair (0/8) D:8
    Orc (0/2) D:9

Altars:
Ashenzari
Dithmenos
Fedhas
Gozag
Makhleb
Nemelex Xobeh
Okawaru
Pakellas
Qazlal
Ru
Sif Muna
Xom
Yredelemnul
The Shining One

Shops:
D:5 (   D:9 *   D:10 *}[

Annotations:
D:14 Kirke


Innate Abilities, Weirdness & Mutations

((You reflexively headbutt those who attack you in melee.))
((You have a pair of horns on your head.))


Message History

Your ring of protection from fire melds into your body.
You feel less protected.
You feel less resistant to hostile enchantments.
Really attack barehanded?
Okay, then.
You block the wyvern skeleton's attack.
You hear a distant slurping noise.
Something hits you! The wyvern skeleton barely misses you.
You hear a shout! x2
The deep elf mage gestures wildly while chanting.
Something hits you! You block the wyvern skeleton's attack.
The wyvern skeleton bites you! Something hits you.
The wyvern skeleton bites you!
* * * LOW HITPOINT WARNING * * *
The deep elf mage mumbles some strange words.
The deep elf mage blinks!
Something hits you!
* * * LOW HITPOINT WARNING * * *
The wyvern skeleton closely misses you. Something hits you!
You die...

. ##.#### ... #.....
E...#####Ye#
.#E.e..).eZ#######
....eh.ยง.hhH.....#
#.#e######h#####.
#h# #{# . #h# # #.#
##Z# # #.# #..# #
#.# #.## # #.# #.# #
#.# #.# # #.#
###.### ##### #<#
#.....#
....###.#####.....##


You could see a sphinx, 2 deep elf magi, 4 hogs, an ice beast, a wyvern skeleton
and a centaur skeleton.

Vanquished Creatures
  Urug (D:14)
  An orc knight (D:14)
  4 hill giants
  4 deep elf magi (D:14)
  4 ugly things
  A manticore (D:14)
  The ghost of koboldina the Chucker, a novice TrWr (D:4)
  A gargoyle (D:14)
  4 trolls
  Grinder (D:5)
  Prince Ribbit (D:6)
  5 yaks (D:9)
  5 wyverns
  3 hippogriffs
  A basilisk (shapeshifter) (D:14)
  A human (D:9)
  9 orc warriors
  2 sky beasts
  4 ice beasts
  A phantom (D:8)
  An eye of draining (D:9)
  8 ogres
  4 centaurs
  A crocodile (D:11)
  A big kobold (D:10)
  7 giant frogs
  2 water moccasin zombies
  A scorpion (D:7)
  10 killer bees
  4 crimson imps
  5 jellies
  2 centaur zombies
  A giant frog zombie (D:6)
  5 orc priests
  A giant frog skeleton (D:4)
  2 hounds
  3 centaur skeletons
  An iguana (D:10)
  8 orc wizards
  5 worker ants
  A killer bee zombie (D:10)
  3 sheep (D:9)
  A hound skeleton (D:5)
  A worker ant zombie (D:8)
  Robin (D:3)
  4 gnolls (D:6)
  24 adders
  4 shadow imps
  2 adder skeletons
  An adder zombie (D:5)
  4 worms
  9 giant geckos
  39 orcs
  15 giant cockroaches
  16 goblins
  12 hobgoblins
  13 jackals
  12 kobolds
  10 quokkas
  5 ball pythons
  11 bats
  A giant gecko zombie (D:7)
  9 giant newts
  A jackal skeleton (D:4)
  3 jackal zombies
  10 rats
  A plant (D:1)
339 creatures vanquished.

Vanquished Creatures (collateral kills)
  A cyclops (shapeshifter) (D:14)
  An orc warrior (D:11)
  A wasp (D:11)
3 creatures vanquished.

Grand Total: 342 creatures vanquished

Notes
Turn   | Place    | Note
--------------------------------------------------------------
     0 | D:1      | ErgoProxy the Minotaur Fighter began the quest for the Orb.
     0 | D:1      | Reached XP level 1. HP: 19/19 MP: 0/0
   156 | D:1      | Reached XP level 2. HP: 26/26 MP: 1/1
   280 | D:1      | Reached skill level 4 in Shields
   556 | D:1      | Reached XP level 3. HP: 21/31 MP: 2/2
  1001 | D:2      | Found a stormy altar of Qazlal.
  1073 | D:2      | Became a worshipper of Qazlal Stormbringer
  1155 | D:2      | Found an iron altar of Okawaru.
  1156 | D:2      | Found a burning altar of Makhleb.
  1247 | D:2      | Reached XP level 4. HP: 27/39 MP: 3/3
  1473 | D:2      | Reached skill level 5 in Maces & Flails
  1724 | D:2      | You fall through a shaft!
  1735 | D:3      | Reached skill level 5 in Shields
  1866 | D:3      | Reached XP level 5. HP: 19/45 MP: 4/4
  2164 | D:3      | Reached * piety under Qazlal
  2312 | D:3      | Found a shadowy altar of Dithmenos.
  2430 | D:3      | Reached skill level 6 in Maces & Flails
  2467 | D:3      | Found an oddly glowing altar of Pakellas.
  2685 | D:3      | Reached XP level 6. HP: 51/51 MP: 5/5
  3133 | D:3      | Noticed Robin
  3143 | D:3      | Killed Robin
  3382 | D:4      | Noticed koboldina's ghost (novice TrWr)
  3385 | D:4      | Noticed an ice beast
  3393 | D:4      | Reached ** piety under Qazlal
  3410 | D:4      | Killed an ice beast
  3410 | D:4      | Reached skill level 7 in Maces & Flails
  3499 | D:4      | Killed koboldina's ghost
  3499 | D:4      | Reached skill level 8 in Maces & Flails
  3499 | D:4      | Reached XP level 7. HP: 36/57 MP: 6/6
  3913 | D:5      | Entered Level 5 of the Dungeon
  3921 | D:5      | Reached skill level 9 in Maces & Flails
  3944 | D:5      | Noticed Grinder
  3945 | D:5      | Paralysed by Grinder for 5 turns
  3967 | D:5      | Killed Grinder
  3967 | D:5      | Reached XP level 8. HP: 34/64 MP: 7/7
  4065 | D:5      | Reached skill level 10 in Maces & Flails
  4341 | D:5      | Found Ovotew's Antique Weapon Shoppe.
  4348 | D:5      | Bought a runed flail for 94 gold pieces
  4661 | D:6      | Found a sparkling altar of Nemelex Xobeh.
  5012 | D:6      | Found a glowing drain.
  5043 | Sewer    | Entered a sewer
  5053 | Sewer    | Reached *** piety under Qazlal
  5114 | Sewer    | Reached skill level 11 in Maces & Flails
  5554 | D:6      | Found an opulent altar of Gozag.
  5669 | D:6      | Found a basalt altar of Yredelemnul.
  5747 | D:7      | Noticed Prince Ribbit
  5991 | D:6      | Killed Prince Ribbit
  5991 | D:6      | Reached XP level 9. HP: 47/70 MP: 8/8
  6077 | D:7      | Reached skill level 12 in Maces & Flails
  6295 | D:7      | Reached **** piety under Qazlal
  6397 | D:7      | Reached skill level 10 in Shields
  6601 | D:7      | Found a shattered altar of Ashenzari.
  6986 | D:7      | Found a staircase to the Ecumenical Temple.
  7121 | D:8      | Found a shimmering altar of Xom.
  7129 | D:8      | Reached skill level 13 in Maces & Flails
  7234 | D:8      | Found a blossoming altar of Fedhas.
  7279 | D:8      | Found a staircase to the Lair.
  7552 | D:8      | Found a glowing golden altar of the Shining One.
  7837 | D:8      | Found a sacrificial altar of Ru.
  7952 | D:9      | Found a deep blue altar of Sif Muna.
  7961 | D:9      | Reached XP level 10. HP: 64/77 MP: 9/9
  8037 | D:9      | Noticed a hill giant
  8049 | D:9      | Killed a hill giant
  8115 | D:9      | Found Gixe's Serpentskin Sales.
  8127 | D:9      | Bought 5 poisoned tomahawks for 55 gold pieces
  8127 | D:9      | Bought 5 poisoned tomahawks for 55 gold pieces
  8297 | D:9      | Reached skill level 14 in Maces & Flails
  8310 | D:9      | Reached skill level 1 in Throwing
  8456 | D:9      | Found a staircase to the Orcish Mines.
  8946 | D:9      | Reached skill level 1 in Invocations
  9203 | D:10     | Entered Level 10 of the Dungeon
  9257 | D:10     | Reached ***** piety under Qazlal
  9622 | D:10     | Found a sparkling altar of Nemelex Xobeh.
  9641 | D:10     | Found an iron altar of Okawaru.
  9735 | D:10     | Found Umaehuow's Gadget Boutique.
  9764 | D:10     | Found Noimm's Armour Emporium.
  9811 | D:10     | Noticed a cyan ugly thing
  9826 | D:10     | Killed a cyan ugly thing
  9911 | D:10     | Reached XP level 11. HP: 77/82 MP: 13/13
 10041 | D:10     | Noticed a hill giant
 10053 | D:10     | Killed a hill giant
 10053 | D:10     | Reached skill level 5 in Invocations
 10233 | D:10     | Found Umimorch's General Store.
 10412 | D:11     | Noticed a hill giant
 10425 | D:11     | Killed a hill giant
 10586 | D:11     | You fall through a shaft for 3 floors!
 10586 | D:14     | Noticed Urug
 10593 | D:14     | Noticed an orc knight
 10609 | D:14     | Killed Urug
 10609 | D:14     | Reached skill level 15 in Maces & Flails
 10650 | D:14     | Killed an orc knight
 10780 | D:14     | Noticed a hill giant
 10787 | D:14     | Killed a hill giant
 11250 | D:14     | Noticed a cyan ugly thing
 11250 | D:14     | Noticed a cyan ugly thing
 11251 | D:14     | Noticed a cyan ugly thing
 11274 | D:14     | Killed a purple ugly thing
 11297 | D:14     | Killed a green ugly thing
 11316 | D:14     | Killed a white ugly thing
 11375 | D:14     | Noticed a deep elf mage
 11375 | D:14     | Noticed a deep elf mage
 11379 | D:14     | Noticed a deep elf mage
 11382 | D:14     | Noticed a deep elf mage
 11382 | D:14     | Killed a deep elf mage
 11382 | D:14     | Reached XP level 12. HP: 90/90 MP: 17/17
 11392 | D:14     | Noticed Kirke
 11398 | D:14     | Noticed a sphinx
 11402 | D:14     | Reached skill level 16 in Maces & Flails
 11416 | D:14     | Mangled by Kirke

Vault maps used:
D:1:      roderic_crop_circles_arrival_small, roderic_nine_men_s_morris
D:2:      marbit_many_paths, gammafunk_temple_overflow_pools, grunt_ministairs_7
D:3:      nicolae_dithmenos_through_a_glass_darkly, old_standard_altar,
          uniq_robin
D:5:      serial_shops, nicolae_shop_overgrown_old_shop, first_bread,
          minmay_fountain_box, uniq_grinder
D:6:      kennysheep_little_box, lemuel_round_altar, kennysheep_mini,
          gup_sewer_entry_glass, moated_statue, kennysheep_generic_room_10
D:7:      evilmike_ruin_ashenzari, temple_statues, uniq_prince_ribbit1
D:8:      overflow_temple_1_default, overflow_temple_1_default,
          nicolae_overflow_hidden_temple, lemuel_coloured_pillars_altar,
          nicolae_ru_the_path_less_chosen, lair_0_dummy
D:9:      lemuel_doored_altar, david_orc_2, grunt_livestock, guppyfry_shop_venom
D:10:     serial_shops, shop, shop, shop_fountains, basic_altar,
          nemelex_xobeh_ov_fountains_minmay
D:11:     nicolae_trove_entry_diagonal, basic_altar
D:14:     erik_vaults_1, minmay_splitting_lines, elves_outpost_lemuel,
          uniq_kirke, uniq_urug
Sewer:    sewer_frog_island_01

Action                   |  1- 3 |  4- 6 |  7- 9 | 10-12 || total
-------------------------+-------+-------+-------+-------++-------
Melee: Flail             |   148 |   199 |   378 |   585 ||  1310
Throw: Tomahawk          |       |     1 |    17 |    13 ||    31
Invok: Upheaval          |       |       |       |     2 ||     2
       Elemental Force   |       |       |       |     2 ||     2
       Disaster Area     |       |       |       |     1 ||     1
Evoke: Wand              |       |       |       |    10 ||    10
  Use: Scroll            |       |       |    17 |     2 ||    19
       Potion            |       |       |       |     4 ||     4
  Eat: Chunk             |     1 |     7 |    14 |    10 ||    32
       Royal jelly       |       |       |       |     1 ||     1
